 Seeded DCSS version 0.28-a0-938-gbc3f381ebc (webtiles) character file.

Game seed: 20211128 (custom seed)

113 a11behringer the Chopper (level 4, -6/37 HPs)
             Began as a Palentonga Berserker on Nov 28, 2021.
             Was a Believer of Trog.
             Mangled by a gnoll (8 damage)
             ... on level 3 of the Dungeon.
             The game lasted 00:06:31 (2950 turns).

a11behringer the Chopper (Palentonga Berserker)     Turns: 2950, Time: 00:06:32

Health: -6/37      AC:  4    Str: 21    XL:     4   Next: 65%
Magic:  4/4        EV: 10    Int:  7    God:    Trog [**....]
Gold:   96         SH:  0    Dex: 10    Spells: 3/3 levels left

rFire   . . .      SeeInvis +   a - +0 hand axe
rCold   . . .      Faith    .   (no shield)
rNeg    . . .      Spirit   .   b - +0 animal skin
rPois   .          Reflect  .   (no helmet)
rElec   .          Harm     .   (no cloak)
rCorr   .          Rampage  .   (no gloves)
Will    .....                   (no barding)
Stlth   +.........              (no amulet)
HPRegen 0.12/turn               (no ring)
MPRegen 0.09/turn               (no ring)

@: on berserk cooldown, slowed, very slow
A: large, rugged brown scales 3, see invisible, deformed body, roll 1, armoured
tail
a: Rolling Charge, Renounce Religion, Berserk, Trog's Hand


You were on level 3 of the Dungeon.
You worshipped Trog.
Trog was pleased with you.
You visited 1 branch of the dungeon, and saw 3 of its levels.

You collected 96 gold pieces.

Inventory:

Hand Weapons
 a - a +0 hand axe (weapon)
Missiles
 g - 3 curare-tipped darts
Armour
 b - a +0 animal skin (worn)
 c - a +0 leather armour
Scrolls
 d - a scroll of holy word {unknown}
 e - a scroll of teleportation {unknown}
 i - a scroll of enchant weapon {unknown}
 j - a scroll of amnesia {unknown}
 l - a scroll of magic mapping {unknown}
 m - a scroll of vulnerability {unknown}
Potions
 f - a potion of curing {unknown}
 h - a potion of flight {unknown}
 k - 2 potions of heal wounds {unknown}


   Skills:
 + Level 3.5 Fighting
 * Level 4.7 Axes
 + Level 1.7 Armour
 + Level 2.0 Dodging


You had 3 spell levels left.
You didn't know any spells.
Your spell library was empty.

Dungeon Overview and Level Annotations

Branches:
Dungeon (3/15)

Altars:
Hepliaklqana


Innate Abilities, Weirdness & Mutations

You are completely covered in rugged brown scales. (AC +3, +7% HP)
You have supernaturally acute eyesight. (SInv)
Armour fits poorly on your strangely shaped body.
You can roll at nearby foes to attack.
You have a long armoured tail.


Message History

The frilled lizard bites you but does no damage.
The gnoll completely misses you. The gnoll closely misses you.
The frilled lizard bites you but does no damage.
You completely miss the frilled lizard.
The frilled lizard is heavily wounded.
The gnoll hits you but does no damage.
The gnoll hits you from afar with a +0 halberd!
The frilled lizard bites you.
The gnoll hits you from afar with a +0 spear.
You barely miss the frilled lizard.
Your tail-slap misses the frilled lizard.
The frilled lizard is heavily wounded.
The gnoll hits you from afar with a +0 halberd.
* * * LOW HITPOINT WARNING * * *
The frilled lizard bites you.
* * * LOW HITPOINT WARNING * * *
The gnoll hits you from afar with a +0 spear.
* * * LOW HITPOINT WARNING * * *
You miss the frilled lizard.
The frilled lizard is heavily wounded.
The gnoll closely misses you.
The frilled lizard bites you but does no damage.
The gnoll hits you from afar with a +0 spear.
* * * LOW HITPOINT WARNING * * *
You barely miss the frilled lizard. You tail-slap the frilled lizard.
You kill the frilled lizard!
Trog accepts your kill. The gnoll barely misses you. x2
The gnoll barely misses you.
You see here a frilled lizard corpse.
A red film seems to cover your vision as you go berserk!
You feel yourself moving faster!
You feel mighty!
The gnoll hits you from afar with a +0 halberd.
* * * LOW HITPOINT WARNING * * *
You feel a strong urge to attack something.
You feel your anger nearly subside.
You are no longer berserk.
You are exhausted.
You feel yourself slow down.
The gnoll hits you from afar with a +0 halberd!
You die...

#.....# #.###
####### #.# ###.#
#...# #g### # ##
#.# #.#.#
########.#
#....####........#
#..@.gg.########
#########


You could see 2 gnolls.

Vanquished Creatures
  2 adders (D:2)
  A gnoll (D:3)
  A worm (D:2)
  3 dart slugs
  7 endoplasms
  5 giant cockroaches
  8 goblins
  3 hobgoblins
  8 jackals (D:1)
  7 kobolds
  6 quokkas
  5 ball pythons
  4 bats
  4 frilled lizards
  3 rats (D:2)
67 creatures vanquished.

Notes
Turn   | Place    | Note
-------+----------+-------------------------------------------
     0 | D:1      | a11behringer the Palentonga Berserker began the quest for
                  | the Orb.
     0 | D:1      | Reached XP level 1. HP: 19/19 MP: 1/1
   302 | D:1      | Found a faded altar of an unknown god.
   308 | D:1      | Reached XP level 2. HP: 23/25 MP: 2/2
   685 | D:1      | Reached XP level 3. HP: 15/31 MP: 3/3
  1267 | D:1      | Reached ** piety under Trog
  1461 | D:1      | Reached skill level 4 in Axes
  1930 | D:2      | Found a hazy altar of Hepliaklqana.
  2036 | D:2      | Reached XP level 4. HP: 34/37 MP: 4/4
  2944 | D:3      | HP: 2/55 [gnoll (6)]
  2950 | D:3      | Mangled by a gnoll

Illustrated notes

Levels and vault maps discovered:
D:1:      elethiomel_arrival_infinity_welcomes_careful_drivers, layout_basic,
          basic_ecumenical_altar, amcnicky_mini_rare_corridor_liquid
D:2:      layout_basic, basic_altar, minmay_close_crescents
D:3:      layout_loops_cross, mainiacjoe_overflow_large_starburst, serial_shops,
          shop, serial_park_tiny_2

Skill      XL: |  1  2  3  4 |
---------------+-------------+-----
Axes           | 4 |  4.7
Dodging        | 2 |  2.0
Fighting       | |  3.5
Armour         | |  1.7

Action                   |  1- 3 |  4- 6 || total
-------------------------+-------+-------++-------
Melee: Hand axe          |   128 |    54 ||   182
       Tailslap          |    12 |     9 ||    21
Invok: Berserk           |       |     1 ||     1
 Stab: Sleeping          |     1 |       ||     1
Armor: Animal skin       |    58 |    27 ||    85
       Leather armour    |     1 |       ||     1
Dodge: Dodged            |    92 |    29 ||   121

Table legend: (Time is in decaauts)
 A = Elapsed time spent in this place.
 B = Non-inter-level travel time spent in this place.
 C = Inter-level travel time spent in this place.
 D = Time resting spent in this place.
 E = Time spent auto-exploring this place.
 F = Levels seen in this place.
 G = Mean time per level.
                   A        B        C        D        E       F      G
               +--------+--------+--------+--------+--------+-----+--------+
         Total |   2968 |   2708 |    260 |      0 |   2242 |   3 |  989.3 |
       Dungeon |   2968 |   2708 |    260 |      0 |   2242 |   3 |  989.3 |
               +--------+--------+--------+--------+--------+-----+--------+

Top non-repeatable levels by time:
     D:1: 1731 daAuts
     D:2: 922 daAuts
     D:3: 315 daAuts
